 Dungeon Crawl Stone Soup version 0.31-a0-240-gb923e448b6 (webtiles) character file.

Game seed: 2610229910080080309

343 qw the Shooter (level 6, -2/37 HPs)
             Began as a Gargoyle Hexslinger on July 11, 2023.
             Frozen to death by an endoplasm (5 damage)
             ... on level 3 of the Dungeon.
             The game lasted 00:01:06 (2404 turns).

qw the Shooter (Gargoyle Hexslinger)                Turns: 2404, Time: 00:01:07

Health: -2/37      AC:  9    Str: 12    XL:     6   Next: 57%
Magic:  7/7        EV: 12    Int: 13    God:
Gold:   63         SH:  0    Dex: 14    Spells: 6/7 levels left

rFire   . . .        Y - +1 sling
rCold   . . .        (no shield)
rNeg    + + .        c - +2 robe {rN+}
rPois   inf          (no helmet)
rElec   +            e - +0 cloak
rCorr   .            (no gloves)
SInv    .            (no boots)
Will    .....        (no amulet)
Stlth   +            (no ring)
HPRegen 0.26/turn    (no ring)
MPRegen 0.10/turn

%: no passive effects
@: no status effects
A: sickness immunity, AC +4, negative energy resistance 1, electricity
resistance, torment resistance 1, petrification resistance
a: no special abilities


You were on level 3 of the Dungeon.
You visited 1 branch of the dungeon, and saw 3 of its levels.

You collected 63 gold pieces.


Innate Abilities, Weirdness & Mutations

You are immune to sickness and miasma.
Your stone body is resilient. (AC +4)
You are immune to poison.
You resist negative energy. (rN+)
You are resistant to electric shocks. (rElec)
You are resistant to unholy torment.
You are immune to petrification.


   Skills:
 + Level 3.5 Fighting
 - Level 6.0 Ranged Weapons
 - Level 1.5 Dodging
 - Level 1.0 Spellcasting
 - Level 2.6 Hexes


You had 6 spell levels left.
You knew the following spells:

 Your Spells              Type           Power      Damage    Failure   Level
a - Slow                  Hex            28%        N/A       10%         1

Your spell library contained the following spells:

 Spells                   Type           Power      Damage    Failure   Level
 Inner Flame              Hex/Fire       4%         N/A       43%         3
 Portal Projectile        Hex/Tloc       8%         N/A       43%         3
 Cause Fear               Hex            3%         N/A       67%         4

Inventory:

Hand Weapons
 Y - a +1 sling (weapon)
Armour
 c - a +2 robe of positive energy (worn)
 e - a +0 cloak (worn)
 g - the +1 leather armour "Wemun" {rPois rN+ Str+6 Int-5}
   (You took it off an orc on level 3 of the Dungeon)

   Str:       It affects your strength (+6).
   Int:       It affects your intelligence (-5).
   rPois:     It protects you from poison.
   rN:        It protects you from negative energy.
Jewellery
 b - a ring of ice
Scrolls
 f - a scroll of enchant armour {unknown}
 l - a scroll of identify
Potions
 a - a potion of ambrosia {unknown}
 d - a potion of might {unknown}
 h - 2 potions of mutation {unknown}
 i - a potion of invisibility {unknown}
 j - a potion of degeneration {unknown}
 k - a potion of cancellation {unknown}

Dungeon Overview and Level Annotations

Branches:
Dungeon (3/15)

Altars:

Shops:
D:2 :


Message History

You shoot a sling bullet.
The sling bullet closely misses the gnoll.
The gnoll completely misses you. The gnoll misses you. The goblin misses you.
The endoplasm freezes you.
You are frozen.
The goblin hits you but does no damage. x2
You shoot a sling bullet. The sling bullet hits the gnoll.
The gnoll is moderately wounded.
The goblin no longer looks unusually strong.
The gnoll closely misses you. The goblin closely misses you.
The gnoll hits you but does no damage. The endoplasm freezes you.
You are frozen.
The goblin hits you but does no damage. The goblin barely misses you.
You shoot a sling bullet.
The sling bullet hits the gnoll but does no damage.
The gnoll is moderately wounded.
The gnoll hits you with a +0 flail of protection.
The gnoll barely misses you. The goblin hits you with a +0 club.
The endoplasm barely misses you. The goblin hits you but does no damage.
The goblin closely misses you.
You shoot a sling bullet.
The sling bullet hits the gnoll but does no damage.
The gnoll is lightly wounded.
The goblin no longer looks unusually strong.
The gnoll closely misses you. The gnoll hits you but does no damage.
The goblin hits you but does no damage.
The endoplasm hits you but does no damage.
The goblin barely misses you. The goblin closely misses you.
You shoot a sling bullet. The sling bullet hits the gnoll.
The gnoll is heavily wounded.
The gnoll closely misses you. The gnoll hits you but does no damage.
The goblin hits you but does no damage. The endoplasm barely misses you.
The goblin misses you. The goblin barely misses you.
You shoot a sling bullet. The sling bullet hits the gnoll.
The gnoll is severely wounded.
The gnoll hits you but does no damage. The goblin barely misses you.
The gnoll hits you but does no damage. The goblin hits you but does no damage.
The endoplasm freezes you.
You are frozen.
You die...

.......................
###.#...####....#..#####
......#.# ###...#[.....
.##.###)## #.........#
#. #.?## #.##......# #
##..# #.##......#
##.###.#.......#
####.#...gggg....##
#(......###@).....#
#.......# #gJ......
#.......# #.#####..
...........##)# #
...#........##..
...#.........### ..
#.......#...
##########..


You could see 2 gnolls, an endoplasm and 3 goblins.

Vanquished Creatures
  Sigmund (D:2)
  An orc priest (D:3)
  Jessica (D:2)
  An orc wizard (D:3)
  Robin (D:3)
  A gnoll (D:3)
  An adder (D:2)
  4 worms
  3 orcs (D:3)
  3 ball pythons
  5 bats
  3 endoplasms
  3 giant cockroaches
  8 goblins
  9 hobgoblins
  3 jackals
  3 quokkas
  6 frilled lizards
  6 kobolds
  4 rats
67 creatures vanquished.

Notes
Turn   | Place    | Note
-------+----------+-------------------------------------------
     0 | D:1      | qw the Gargoyle Hexslinger began the quest for the Orb.
     0 | D:1      | Reached XP level 1. HP: 12/12 MP: 2/2
     0 | D:1      | 0 ||| qw: Version: 0.3-a-52-g30416fa
     0 | D:1      | 0 ||| qw: Game counter: 6066
     0 | D:1      | 0 ||| qw: Melee chars always use a shield: true
     0 | D:1      | 0 ||| qw: God list: Okawaru
     0 | D:1      | 0 ||| qw: Allow faded altars: false
     0 | D:1      | 0 ||| qw: Do Orc after clearing Dungeon:15 true
     0 | D:1      | 0 ||| qw: Do second Lair branch before Depths: true
     0 | D:1      | 0 ||| qw: Lair rune preference: random
     0 | D:1      | 0 ||| qw: Goals: Normal
     0 | D:1      | 0 ||| PLANNING D:1-11
   173 | D:1      | Reached XP level 2. HP: 16/16 MP: 3/3
   290 | D:1      | Reached skill level 3 in Ranged Weapons
   575 | D:1      | Found a faded altar of an unknown god.
   679 | D:1      | 679 ||| UPGRADING to +0 cloak.
   684 | D:1      | 684 ||| UPGRADING to +0 leather armour.
   694 | D:1      | 694 ||| DROPPING +0 robe.
   695 | D:1      | 695 ||| READING scroll labelled KEJ TIEDISS.
   696 | D:1      | 696 ||| DROPPING scroll of poison.
   733 | D:2      | Reached XP level 3. HP: 21/21 MP: 4/4
   815 | D:2      | Noticed Jessica
   820 | D:2      | Killed Jessica
   977 | D:2      | Found Lusef's Vocational Training.
  1053 | D:2      | Reached XP level 4. HP: 26/26 MP: 5/5
  1210 | D:2      | Reached skill level 4 in Ranged Weapons
  1216 | D:2      | Noticed Sigmund
  1218 | D:2      | 1218 ||| FLEEEEING.
  1220 | D:2      | 1220 ||| FLEEEEING.
  1221 | D:2      | 1221 ||| FLEEEEING.
  1222 | D:2      | 1222 ||| FLEEEEING.
  1223 | D:2      | 1223 ||| FLEEEEING.
  1224 | D:2      | 1224 ||| FLEEEEING.
  1225 | D:2      | 1225 ||| FLEEEEING.
  1226 | D:2      | 1226 ||| FLEEEEING.
  1227 | D:2      | 1227 ||| FLEEEEING.
  1228 | D:2      | 1228 ||| FLEEEEING.
  1229 | D:2      | 1229 ||| FLEEEEING.
  1230 | D:2      | 1230 ||| FLEEEEING.
  1231 | D:2      | 1231 ||| FLEEEEING.
  1232 | D:2      | 1232 ||| FLEEEEING.
  1233 | D:2      | 1233 ||| FLEEEEING.
  1234 | D:2      | 1234 ||| FLEEEEING.
  1235 | D:2      | 1235 ||| FLEEEEING.
  1236 | D:2      | 1236 ||| FLEEEEING.
  1237 | D:2      | 1237 ||| FLEEEEING.
  1238 | D:2      | 1238 ||| FLEEEEING.
  1239 | D:2      | 1239 ||| FLEEEEING.
  1263 | D:2      | HP: 3/26 [something (10)]
  1264 | D:2      | Killed Sigmund
  1265 | D:2      | Reached skill level 5 in Ranged Weapons
  1265 | D:2      | Reached XP level 5. HP: 4/30 MP: 6/6
  1508 | D:2      | Reached XP level 6. HP: 31/36 MP: 7/7
  2017 | D:2      | 2017 ||| UPGRADING to +2 robe of positive energy.
  2027 | D:2      | 2027 ||| DROPPING +0 leather armour.
  2028 | D:2      | 2028 ||| READING scroll labelled YDOALE KAYRCHU.
  2029 | D:2      | 2029 ||| READING 2 scrolls labelled IWACWU CAIMP.
  2122 | D:3      | Identified the +1 leather armour "Wemun" {rPois rN+ Str+6
                  | Int-5}
  2140 | D:3      | HP: 9/36 [something (1)]
  2140 | D:3      | HP: 4/36 [something/puff of flame (5)]
  2142 | D:3      | Reached skill level 3 in Fighting
  2187 | D:3      | 2187 ||| FLEEEEING.
  2232 | D:3      | 2232 ||| FLEEEEING.
  2233 | D:3      | 2233 ||| FLEEEEING.
  2234 | D:3      | 2234 ||| STAIRDANCE
  2267 | D:3      | 2267 ||| STAIRDANCE
  2377 | D:3      | Noticed Robin
  2379 | D:3      | Reached skill level 6 in Ranged Weapons
  2396 | D:3      | Killed Robin
  2400 | D:3      | HP: 7/37 [frozen (3)]
  2401 | D:3      | HP: 2/37 [goblin/+0 club[Robin] (2)]
  2404 | D:3      | Frozen to death by an endoplasm

Levels and vault maps discovered:
D:1:      dpeg_arrival_radiant, layout_loops_cross,
          dreamdust_ecumenical_altar_statues
D:2:      minmay_chambers_of_ones, layout_basic, nicolae_shop_vocational,
          uniq_jessica, uniq_sigmund
D:3:      layout_rooms, uniq_robin, uniq_natasha

Skill      XL: |  1  2  3  4  5  6 |
---------------+-------------------+-----
Ranged Weapons | 3 5 6 |  6.0
Fighting       | 2 3 |  3.5
Dodging        | |  1.5
Spellcasting   | |  1.0
Hexes          | |  2.6

Action                     |  1- 3 |  4- 6 || total
---------------------------+-------+-------++-------
   Fire: Sling             |    93 |   187 ||   280
    Use: Scroll            |     1 |     2 ||     3
 Armour: Robe              |    18 |    41 ||    59
         Leather armour    |     6 |    28 ||    34
  Dodge: Dodged            |    36 |    91 ||   127

Table legend:
 A = Non-vault XP
 B = Vault XP
 C = Vault XP percentage of total XP
 D = Non-vault monster count
 E = Vault monster count
 F = Vault count percentage of total count
                 A         B        C        D         E       F
            +---------+---------+-------+---------+---------+-------
      Total |     205 |     285 |  58.2 |      53 |      14 |  20.9
            +---------+---------+-------+---------+---------+-------
        D:1 |      33 |       0 |   0.0 |      19 |       0 |   0.0
        D:2 |      57 |     258 |  81.9 |      20 |       7 |  25.9
        D:3 |     115 |      27 |  19.0 |      14 |       7 |  33.3
            +---------+---------+-------+---------+---------+-------
